 Dungeon Crawl Stone Soup version 0.32-a0-841-g4648e6c457 (webtiles) character file.

Game seed: 18223878388774494947

507 YayAnonymity the Cleaver (level 6, -11/51 HPs)
             Began as a Minotaur Fighter on Mar 26, 2024.
             Mangled by an ogre
             ... wielding a +0 giant club
              (24 damage)
             ... on level 4 of the Dungeon.
             The game lasted 00:05:24 (3160 turns).

YayAnonymity the Cleaver (Minotaur Fighter)         Turns: 3160, Time: 00:05:25

Health: -11/51     AC: 10    Str: 23    XL:     6   Next: 97%
Magic:  5/5        EV:  7    Int:  5    God:
Gold:   203        SH:  4    Dex:  9    Spells: 5/5 levels left

rFire   . . .        a - +0 war axe
rCold   . . .        c - +0 buckler
rNeg    . . .        j - +0 chain mail
rPois   .            (helmet restricted)
rElec   .            (no cloak)
rCorr   .            r - +0 pair of gloves
SInv    .            (no boots)
Will    .....        (no amulet) Stlth
                     (no ring)
HPRegen 0.28/turn    (no ring)
MPRegen 0.09/turn

%: no passive effects
@: no status effects
A: horns 2, retaliatory headbutt
a: no special abilities


You were on level 4 of the Dungeon.
You visited 1 branch of the dungeon, and saw 4 of its levels.

You collected 203 gold pieces.

Inventory:

Hand Weapons
 a - a +0 war axe (weapon)
Armour
 c - a +0 buckler (worn)
 j - a +0 chain mail (worn)
 r - a +0 pair of gloves (worn)
Wands
 q - a wand of flame (9)
Scrolls
 b - 2 scrolls of teleportation
 g - a scroll of fear
 h - a scroll of vulnerability {unknown}
 k - a scroll of blinking
 l - a scroll of fog
 m - 5 scrolls of identify {unknown}
 o - a scroll of revelation {unknown}
 p - a scroll of enchant weapon {unknown}
Potions
 d - 2 potions of might
 e - 2 potions of berserk rage {unknown}
 f - a potion of curing {unknown}
 i - a potion of heal wounds {unknown}
 n - a potion of resistance {unknown}


   Skills:
 - Level 3.6 Fighting
 * Level 9.0 Axes
 - Level 4.0 Armour
 - Level 3.6 Shields


You had 5 spell levels left.
You didn't know any spells.
Your spell library was empty.

Dungeon Overview and Level Annotations

Branches:
Dungeon (4/15)
 Temple: D:4-7

Altars:
Elyvilon
Vehumet

Shops:
D:1 *


Innate Abilities, Weirdness & Mutations

You have a pair of horns on your head.
You reflexively headbutt those who attack you in melee.


Message History

You continue putting on your +0 pair of gloves. x4
You finish putting on your +0 pair of gloves.
Found a leather armour.
Found an escape hatch in the ceiling.
You now have 203 gold pieces (gained 19).
An orc comes into view. It is wielding a +0 club.
The orc shouts!
An orc is nearby!
You hit the orc.
The orc is severely wounded.
The orc hits you but does no damage.
You completely miss the orc.
The orc is severely wounded.
The orc barely misses you.
You slash the orc!
You kill the orc!
No target in view!
Things that are here:
a +0 club; a +0 leather armour; an orc corpse You see here a jackal skeleton.
There is a stone staircase leading down here.
You see here a +0 dagger.
As you open the door, it creaks loudly!
There is an open door here.
The ogre shouts!
You hear a shout!
The ogre hits you with a +0 giant club!!
Ouch! That really hurt!
You are too injured to fight recklessly!
You are too injured to fight recklessly!
You are too injured to fight recklessly!
You are too injured to fight recklessly!
You barely miss the ogre. Your headbutt misses the ogre. You slash the ogre!
You headbutt the ogre.
The ogre is heavily wounded.
The ogre hits you with a +0 giant club!
* * * LOW HITPOINT WARNING * * *
You hit the ogre. You headbutt the ogre!
The ogre is almost dead.
The ogre hits you with a +0 giant club!!
You die...

...........###.#.##############..
###........'...#.# #...........
...........#####.### #.#########.
################...###.# #.
#.......#...###### #.
#.####...........####. #
#.#.#..........#.#.... ##
#.......#.#<...#...#.....#.### .#
#.......#....@.......#..)#.... .#
#.......###..O...#.#..##.####. .#
#.......##.....#.#.#.....###.. .#
#.......##.......#.#....>..... .#
#.......##..#.####.....####### .#
#...)...##..............# ##
.###.............#########.# #.
...........[.##### #.#####.
#####'##.....# #.......


You could see an ogre.

Vanquished Creatures
  Grinder (D:4)
  An orc priest (D:4)
  2 hounds (D:4)
  2 orc wizards
  4 gnolls
  5 adders
  2 dart slugs
  2 ribbon worms
  7 orcs
  2 endoplasms
  4 giant cockroaches (D:1)
  4 goblins
  8 hobgoblins
  6 jackals
  3 quokkas
  5 ball pythons
  8 bats
  3 frilled lizards
  6 kobolds
  7 rats
82 creatures vanquished.

Notes
Turn   | Place    | Note
-------+----------+-------------------------------------------
     0 | D:1      | YayAnonymity the Minotaur Fighter began the quest for the
                  | Orb.
     0 | D:1      | Reached XP level 1. HP: 19/19 MP: 0/0
   121 | D:1      | Found Nauhaug's Assorted Antiques.
   129 | D:1      | Reached skill level 3 in Axes
   143 | D:1      | Reached XP level 2. HP: 26/26 MP: 1/1
   791 | D:2      | Reached skill level 4 in Axes
   791 | D:2      | Reached XP level 3. HP: 24/31 MP: 2/2
   952 | D:2      | Found a radiant altar of Vehumet.
   971 | D:3      | Reached skill level 5 in Axes
   971 | D:3      | Reached XP level 4. HP: 10/39 MP: 3/3
  1810 | D:3      | Found a white marble altar of Elyvilon.
  1889 | D:3      | Reached skill level 6 in Axes
  1935 | D:3      | Reached XP level 5. HP: 25/45 MP: 4/4
  2475 | D:4      | Noticed an ogre
  2599 | D:4      | Identified the +0 robe "Exkolori" {Dex+4 Slay+6 Archmagi}
  2681 | D:4      | Reached skill level 7 in Axes
  2712 | D:4      | Reached XP level 6. HP: 19/51 MP: 5/5
  2880 | D:4      | Noticed Grinder
  2895 | D:4      | Killed Grinder
  2896 | D:4      | Reached skill level 9 in Axes
  3160 | D:4      | Mangled by an ogre

Illustrated notes

Levels and vault maps discovered:
D:1:      minmay_arrival_shoal_huts, layout_loops_ring, serial_shops, shop,
          serial_bayou_ford_a
D:2:      layout_basic, basic_altar, minmay_misc_feat_doors, minmay_pentomino_r4
D:3:      layout_rooms, elyvilon_altar_5
D:4:      layout_basic, uniq_grinder

Skill      XL: |  1  2  3  4  5  6 |
---------------+-------------------+-----
Axes           | 3 4 5 6 7 9 |  9.0
Armour         | 4 |  4.0
Fighting       | |  3.6
Shields        | |  3.6

Action                     |  1- 3 |  4- 6 || total
---------------------------+-------+-------++-------
  Melee: War axe           |    75 |   135 ||   210
         Headbutt          |     6 |    11 ||    17
    Use: Scroll            |       |     4 ||     4
         Potion            |       |     1 ||     1
 Armour: Scale mail        |    45 |       ||    45
         Chain mail        |    32 |   110 ||   142
  Dodge: Dodged            |    38 |    44 ||    82
  Block: Buckler           |    19 |    18 ||    37

Table legend: (Time is in decaauts)
 A = Elapsed time spent in this place.
 B = Non-inter-level travel time spent in this place.
 C = Inter-level travel time spent in this place.
 D = Time resting spent in this place.
 E = Time spent auto-exploring this place.
 F = Levels seen in this place.
 G = Mean time per level.
                   A        B        C        D        E       F      G
               +--------+--------+--------+--------+--------+-----+--------+
         Total |   3220 |   3098 |    122 |    371 |   2122 |   4 |  805.0 |
       Dungeon |   3220 |   3098 |    122 |    371 |   2122 |   4 |  805.0 |
               +--------+--------+--------+--------+--------+-----+--------+

Top non-repeatable levels by time:
     D:2: 956 daAuts
     D:3: 819 daAuts
     D:1: 739 daAuts
     D:4: 704 daAuts
